Map: Proxima Station LE

Players

Lambo - Winner!

  • Race: Zerg Zerg
  • Spawn Location: 1:00

Torkk

  • Race: Protoss Protoss
  • Spawn Location: 7:00

Event: WCS Austin 2017

VOD

Have the link to the VOD?

Description

Time

  • Played on: April 28, 2017, 1:19 p.m.
  • Length: 7:56

All games in this series

Show
View Real Time Build Order
Export as new Build Order

Lambo Zerg - Winner!

Build Orders: Hatch First 

Get SALT Encoding   

  12  0:00  Drone  
  13  0:12  Overlord  
  13  0:17  Drone  
  14  0:31  Drone x2  
  14  0:34  Drone  
  17  0:52  Hatchery  
  17  0:56  Drone  
  17  0:59  Drone  
  18  1:10  Extractor  
  17  1:15  Spawning Pool  
  17  1:18  Drone  
  17  1:21  Drone  
  18  1:29  Drone  
  19  1:41  Overlord  
  19  1:50  Drone  
  20  2:01  Queen  
  20  2:02  Zergling x2  
  20  2:03  Queen  
  20  2:04  Zergling x2  
  26  2:10  Metabolic Boost  
  26  2:14  Drone  
  27  2:15  Drone  
  28  2:23  Drone  
  28  2:26  Drone  
  30  2:37  Hatchery  
  30  2:40  Drone  
  30  2:48  Queen  
  30  2:51  Overlord  
  32  2:59  Drone x2  
  32  3:01  Drone x2  
  36  3:06  Overlord  
  36  3:15  Drone x4  
  40  3:22  Drone x3  
  43  3:27  Queen  
  43  3:30  Overlord  
  43  3:33  Drone  
  46  3:39  Zergling x2  
  47  3:44  Lair  
  47  3:46  Drone x3  
  50  3:52  Drone  
  51  3:57  Drone x2  
  51  3:58  Drone x3  
  51  4:01  Overlord  
  56  4:04  Queen  
  56  4:07  Drone x2  
  56  4:08  Drone  
  61  4:12  Spore Crawler  
  60  4:19  Spore Crawler  
  60  4:22  Roach Warren  
  58  4:24  Zergling x10  
  58  4:27  Extractor  
  58  4:29  Zergling x6  
  65  4:37  Zergling x4, Overlord  
  67  4:45  Overlord  
  67  4:49  Overlord, Overseer  
  67  4:50  Drone x2  
  67  4:51  Drone x4  
  73  4:56  Drone x3  
  73  4:58  Extractor  
  75  5:00  Evolution Chamber  
  75  5:04  Overlord  
  74  5:09  Roach x5  
  74  5:12  Roach  
  74  5:13  Roach  
  88  5:16  Overlord  
  88  5:17  Roach  
  88  5:20  Overlord  
  90  5:22  Spore Crawler  
  90  5:25  Roach x2  
  93  5:31  Overlord  
  93  5:32  Roach x2  
  93  5:33  Extractor  
  93  5:34  Overseer  
  95  5:39  Overlord  
  95  5:44  Roach x2  
  99  5:51  Glial Reconstitution  
  99  5:56  Overlord x2  
  99  5:59  Overlord  
  99  6:01  Zergling x2  
  99  6:02  Zergling x14  
  107  6:05  Roach  
  108  6:17  Queen  
  105  6:23  Roach x3, Zergling x4  
  106  6:27  Roach  
  108  6:36  Roach x2  
  112  6:43  Roach x2  
  116  6:48  Roach x3  
  116  6:52  Roach x2  
  126  6:58  Roach x2  
  128  7:02  Roach x2  
  128  7:05  Zergling x4  
  128  7:06  Zergling x2  
  128  7:08  Zergling x4  
  134  7:11  Zergling x4  
  134  7:12  Ravager  
  134  7:13  Ravager  
  138  7:17  Ravager, Zergling x4  
  138  7:18  Zergling x2  
  137  7:23  Zergling x8  
  137  7:30  Zergling x4  
  137  7:31  Zergling x2  
  137  7:38  Zergling x2  
  141  7:51  Ravager  
Show
View Real Time Build Order
Export as new Build Order

Torkk Protoss 

Build Orders: 1 Gate Expand, Zealot Archon, Dark Templar Rush 

Get SALT Encoding   

  12  0:00  Probe (Chrono Boost)  
  13  0:11  Probe (Chrono Boost)  
  14  0:18  Pylon  
  14  0:22  Probe (Chrono Boost)  
  15  0:36  Probe (Chrono Boost)  
  15  0:40  Gateway  
  16  0:47  Assimilator  
  16  0:49  Probe (Chrono Boost)  
  17  0:59  Probe (Chrono Boost)  
  18  1:10  Probe (Chrono Boost)  
  19  1:24  Nexus  
  19  1:33  Probe (Chrono Boost)  
  19  1:39  Cybernetics Core  
  20  1:44  Probe (Chrono Boost)  
  21  1:47  Assimilator  
  21  1:54  Probe (Chrono Boost)  
  21  1:55  Pylon  
  22  2:05  Probe (Chrono Boost)  
  23  2:13  Adept  
  24  2:15  Warp Gate  
  24  2:17  Probe (Chrono Boost)  
  26  2:29  Probe (Chrono Boost)  
  27  2:38  Twilight Council  
  27  2:39  Probe (Chrono Boost)  
  27  2:40  Stalker  
  27  2:41  Probe (Chrono Boost)  
  31  2:50  Probe (Chrono Boost)  
  33  2:51  Probe (Chrono Boost)  
  33  3:00  Robotics Facility, Probe (Chrono Boost)  
  33  3:04  Probe (Chrono Boost)  
  35  3:11  Probe (Chrono Boost)  
  36  3:15  Probe (Chrono Boost)  
  37  3:21  Probe (Chrono Boost)  
  37  3:25  Probe (Chrono Boost), Dark Shrine  
  39  3:32  Probe (Chrono Boost)  
  40  3:36  Probe (Chrono Boost)  
  40  3:40  Gateway  
  41  3:41  Gateway  
  41  3:42  Probe (Chrono Boost)  
  41  3:45  Gateway  
  41  3:46  Probe (Chrono Boost)  
  43  3:49  Warp Prism  
  43  3:53  Probe (Chrono Boost)  
  46  4:00  Pylon  
  46  4:02  Pylon  
  46  4:07  Assimilator  
  46  4:09  Assimilator  
  46  4:19  Probe (Chrono Boost)  
  46  4:20  Warp Prism, Probe (Chrono Boost)  
  48  4:29  Probe (Chrono Boost)  
  52  4:32  Probe (Chrono Boost)  
  52  4:40  Probe (Chrono Boost)  
  52  4:44  Dark Templar x3  
  59  4:49  Dark Templar  
  59  4:52  Probe (Chrono Boost)  
  62  4:56  Pylon  
  62  4:57  Pylon  
  62  5:00  Pylon  
  64  5:14  Probe (Chrono Boost)  
  64  5:16  Probe (Chrono Boost)  
  64  5:19  Archon  
  64  5:22  Archon  
  64  5:28  Probe (Chrono Boost)  
  64  5:30  Dark Templar x3  
  64  5:35  Dark Templar  
  72  5:36  Probe (Chrono Boost), Archon  
  72  5:39  Archon  
  72  5:42  Probe (Chrono Boost)  
  74  5:46  Nexus  
  74  5:47  Probe (Chrono Boost)  
  75  5:50  Pylon, Charge  
  75  5:51  Pylon  
  75  5:54  Probe (Chrono Boost)  
  76  5:57  Probe (Chrono Boost)  
  76  6:00  Forge  
  77  6:06  Probe (Chrono Boost)  
  78  6:22  Probe (Chrono Boost)  
  79  6:27  Probe (Chrono Boost)  
  79  6:29  Gateway  
  79  6:30  Gateway  
  79  6:31  Dark Templar x3  
  86  6:33  Gateway  
  86  6:39  Probe (Chrono Boost)  
  87  6:41  Assimilator  
  87  6:43  Probe (Chrono Boost)  
  87  6:46  Immortal, Gateway  
  92  6:48  Archon  
  92  6:49  Assimilator, Zealot  
  94  6:56  Probe x2 (Chrono Boost)  
  98  7:08  Probe (Chrono Boost)  
  98  7:09  Probe x2 (Chrono Boost)  
  99  7:20  Probe x2 (Chrono Boost)  
  99  7:22  Probe (Chrono Boost)  
  100  7:23  Dark Templar x3  
  96  7:32  Probe (Chrono Boost)  
  93  7:44  Zealot x4  
  90  7:53  Gateway x2  
Tags
 
Add a new tag
Caveats
  • Supply blocks, unpowered buildings, or Contaminate may cause inaccurate times.
  • Supply counts are checked every 10 seconds.